 Dungeon Crawl Stone Soup version 0.20.0-8-g6b59dc7 (webtiles) character file.

904 inmateoo the Grappler (level 7, -1/64 HPs)
             Began as a Minotaur Monk on May 31, 2017.
             Was a Believer of Cheibriados.
             Slain by an orc priest
             ... wielding a +0 trident
              (5 damage)
             ... on level 5 of the Dungeon.
             The game lasted 00:05:42 (3696 turns).

inmateoo the Grappler (Minotaur Monk)               Turns: 3696, Time: 00:05:43

Health: -1/64      AC:  8    Str: 21    XL:     7   Next: 80%
Magic:  0/6        EV:  9    Int: 11    God:    Cheibriados [**....]
Gold:   338        SH:  0    Dex: 17    Spells: 6/6 levels left

rFire    . . .     SeeInvis .     - Unarmed
rCold    . . .     Gourm    .   (no shield)
rNeg     . . .     Faith    .   o - +0 chain mail
rPois    .         Spirit   +   (helmet restricted)
rElec    .         Reflect  .   (no cloak)
rCorr    .         Harm     .   (no gloves)
MR       .....                  (no boots)
Stlth    ..........             n - amulet of guardian spirit
Regen    0.2/turn               (no ring)
MPRegen  0.1/turn               (no ring)

@: very slow
A: retaliatory headbutt, horns 2
a: Bend Time, Renounce Religion


You were on level 5 of the Dungeon.
You worshipped Cheibriados.
Cheibriados was pleased with you.
You were not hungry.

You visited 2 branches of the dungeon, and saw 6 of its levels.

You collected 338 gold pieces.

Inventory:

Missiles
 q - 9 javelins (quivered)
Armour
 o - a +0 chain mail (worn)
Jewellery
 n - an amulet of guardian spirit (around neck)
 r - an uncursed amulet of faith {unknown}
Wands
 c - a wand of confusion (33/48)
 u - a wand of iceblast (13/15)
Scrolls
 d - 3 scrolls of identify
 h - a scroll of remove curse
Potions
 i - 2 potions of cancellation
 k - a potion of curing
 p - a potion of flight {unknown}
 v - a potion of magic {unknown}
Comestibles
 a - a meat ration
 b - 4 bread rations
 m - 4 royal jellies
 w - 2 fruits


   Skills:
 + Level 6.9 Fighting
 - Level 3.2 Dodging
 - Level 1.5 Stealth
 * Level 8.8 Unarmed Combat


You had 6 spell levels left.
You didn't know any spells.

Dungeon Overview and Level Annotations

Branches:
Dungeon (5/15)             Temple (1/1) D:5

Altars:
Cheibriados
Gozag
Qazlal
Ru
Uskayaw
Xom
Yredelemnul
Zin
The Shining One

Annotations:
D:4 2 transporters


Innate Abilities, Weirdness & Mutations

You reflexively headbutt those who attack you in melee.
You have a pair of horns on your head.


Message History

Unknown command.
It was a potion of curing.
You feel better. The centaur completely misses you.
The orc priest calls down the wrath of Beogh upon you.
Pain shoots through your body! The orc wizard barely misses you.
Unknown command.
Unknown command.
The centaur hits you.
* * * LOW HITPOINT WARNING * * *
The centaur barely misses you. The orc priest barely misses you.
You furiously retaliate!
You headbutt the orc priest!
The orc wizard points at you and mumbles some strange words.
The magic dart hits you!
* * * LOW HITPOINT WARNING * * *
The centaur hits you.
* * * LOW HITPOINT WARNING * * *
Unknown command.
You hit the orc priest. Your headbutt misses the orc priest.
The orc priest is heavily wounded.
The centaur closely misses you. The orc priest hits you with a trident.
You die...

#.# ... #. #.. #.. #.#
..# #.# #.# #.# #.####
#.# #....## #
#########(###.....##.#
.....oo@.(...........#
......oc..###.....##
..........# ##...##
#∩######### ##.## #
##.# #..# #.## #.# #.#


You could see a centaur, an orc priest, an orc wizard and an orc.

Vanquished Creatures
  Sigmund (D:4)
  An ice beast (D:5)
  An ogre (D:4)
  A howler monkey (D:4)
  2 hounds
  An orc priest (D:5)
  3 orc wizards
  Natasha (thrice) (D:3)
  3 worker ants
  Ijyb (D:3)
  A howler monkey zombie (D:5)
  Robin (D:3)
  5 adders
  An ooze (D:1)
  3 worms
  3 dart slugs
  3 leopard geckos
  14 orcs
  7 bats
  3 giant cockroaches
  12 goblins
  10 hobgoblins
  8 jackals
  6 kobolds
  2 quokkas
  A ball python (D:3)
  5 frilled lizards
  A leopard gecko skeleton (D:5)
  A leopard gecko zombie (D:4)
  5 rats
109 creatures vanquished.

Notes
Turn   | Place    | Note
-------+----------+-------------------------------------------
     0 | D:1      | inmateoo the Minotaur Monk began the quest for the Orb.
     0 | D:1      | Reached XP level 1. HP: 19/19 MP: 0/0
   179 | D:1      | Reached XP level 2. HP: 25/27 MP: 1/1
   187 | D:1      | Reached skill level 4 in Unarmed Combat
   572 | D:1      | Reached XP level 3. HP: 29/33 MP: 2/2
  1608 | D:2      | Reached skill level 5 in Unarmed Combat
  1624 | D:3      | Reached XP level 4. HP: 31/40 MP: 3/3
  1630 | D:3      | Noticed Natasha
  1639 | D:3      | Killed Natasha
  1826 | D:3      | Noticed Ijyb
  1833 | D:3      | Killed Ijyb
  1941 | D:3      | Noticed Robin
  1967 | D:3      | Killed Robin
  1967 | D:3      | Reached XP level 5. HP: 26/47 MP: 2/4
  2153 | D:3      | Reached skill level 5 in Fighting
  2229 | D:3      | Noticed Natasha
  2250 | D:3      | Killed Natasha
  2250 | D:3      | Reached skill level 6 in Unarmed Combat
  2319 | D:3      | Noticed Natasha
  2329 | D:3      | Killed Natasha
  2573 | D:4      | Found a transporter.
  2598 | D:4      | Found a transporter.
  2628 | D:4      | Reached XP level 6. HP: 29/56 MP: 5/5
  2954 | D:4      | Noticed Sigmund
  2973 | D:4      | Killed Sigmund
  2973 | D:4      | Reached skill level 7 in Unarmed Combat
  3200 | D:4      | Reached XP level 7. HP: 49/63 MP: 4/6
  3333 | D:4      | Reached skill level 8 in Unarmed Combat
  3449 | D:5      | Entered Level 5 of the Dungeon
  3475 | D:5      | Found a staircase to the Ecumenical Temple.
  3488 | Temple   | Entered the Ecumenical Temple
  3505 | Temple   | Became a worshipper of Cheibriados the Contemplative
  3505 | Temple   | Reached * piety under Cheibriados
  3505 | Temple   | Reached ** piety under Cheibriados
  3696 | D:5      | Slain by an orc priest

Skill      XL: |  1  2  3  4  5  6  7 |
---------------+----------------------+-----
Unarmed Combat | 4 5 6 7 8 |  8.8
Fighting       | 4 5 6 |  6.9
Dodging        | |  3.2
Stealth        | |  1.5

Action                   |  1- 3 |  4- 6 |  7- 9 || total
-------------------------+-------+-------+-------++-------
Melee: Unarmed           |    79 |   160 |    86 ||   325
       Headbutt          |    17 |    29 |    13 ||    59
       Punch             |     1 |     1 |     1 ||     3
  Use: Scroll            |       |       |     9 ||     9
       Potion            |       |       |     3 ||     3
 Stab: Sleeping          |     4 |       |       ||     4
  Eat: Chunk             |     2 |     4 |     3 ||     9
Armor: Robe              |    14 |       |       ||    14
       Chain mail        |     4 |    68 |    45 ||   117
Dodge: Dodged            |    42 |    54 |    28 ||   124
